 Dungeon Sprint DCSS version 0.30-a0-177-g1cb5dbfd7a (webtiles) character file.

Game seed: 11374643368969208105

170 mhtbhm the Thaumaturge (level 5, -7/22 (24) HPs)
             Began as a Spriggan Earth Elementalist on Oct 3, 2022.
             Was an Initiate of Vehumet.
             Killed from afar by a necromancer (20 damage)
             ... with a bolt of negative energy
             ... in the Dungeon (Sprint III: "The Ten Rune Challenge").
             The game lasted 00:02:02 (419 turns).

mhtbhm the Thaumaturge (Spriggan Earth Elementalist) Turns: 419, Time: 00:02:04

HP:   -7/22 (24)    AC:  2    Str:  4    XL:     5   Next: 25%
MP:   14/15         EV: 19    Int: 18    God:    Vehumet [......]
Gold: 24            SH:  0    Dex: 16    Spells: 8/21 levels left

rFire   . . .      SeeInvis +    (weapon restricted)
rCold   . . .      Faith    .    (no shield)
rNeg    . . .      Spirit   .    a - +0 robe
rPois   .          Reflect  .    (helmet restricted)
rElec   .          Harm     .    (no cloak)
rCorr   .          Rampage  .    (gloves unavailable)
Will    .....      NoTele   +    (boots unavailable)
Stlth   +++.......               (no amulet)
HPRegen 0.23/turn                (no ring)
MPRegen 0.14/turn                (no ring)

@: drained, very quick
A: very small, no large weapons, unfitting armour, see invisible, speed 3, horns
1, talons 1, low MP 1
a: Renounce Religion


You were in the Dungeon.
You worshipped Vehumet.
Vehumet was noncommittal.
You visited 1 branch You collected 24 gold pieces.

Inventory:

Armour
 a - a +0 robe (worn)
Scrolls
 g - a scroll of blinking
 i - 2 scrolls of torment {unknown}
 j - 2 scrolls of identify {unknown}
Potions
 b - 3 potions of magic
 c - a potion of curing
 d - a potion of heal wounds
 e - a potion of haste
 f - 2 potions of berserk rage
 h - a potion of degeneration {unknown}
 k - a potion of flight {unknown}
 l - a potion of might {unknown}


   Skills:
 + Level 4.8 Dodging
 + Level 4.6 Stealth
 + Level 8.5 Spellcasting
 + Level 2.2 Transmutations
 + Level 7.2 Earth Magic


You had 8 spell levels left.
You knew the following spells:

 Your Spells              Type           Power      Damage    Failure   Level
a - Sandblast             Erth           66%        2d15      1%          1
b - Passwall              Tmut/Erth      20%        N/A       1%          2
c - Stone Arrow           Conj/Erth      40%        3d9       6%          3
d - Petrify               Tmut/Erth      24%        N/A       13%         4
e - Mephitic Cloud        Conj/Pois/Air  7%         N/A       28%         3

Your spell library contained the following spells:

 Spells                   Type           Power      Damage    Failure   Level
 Beastly Appendage        Tmut           30%        N/A       3%          1
 Wereblood                Tmut           15%        N/A       5%          2
 Spider Form              Tmut/Pois      11%        N/A       17%         3
 Kindle Blastsparks       Fire/Tloc/Air  14%        2d11      28%         3
 Flame Wave               Conj/Fire      7%         2d5       67%         4
 Olgreb's Toxic Radiance  Pois           7%         N/A       67%         4


Dungeon Overview and Level Annotations

Branches:
Dungeon (1/1)

Altars:
Dithmenos
Kikubaaqudgha
Ru
Sif Muna
Vehumet
Yredelemnul


Innate Abilities, Weirdness & Mutations

You are very small and have problems with some larger weapons.
You are too small for most types of armour.
You have supernaturally acute eyesight. (SInv)
You cover ground extremely quickly. (Speed+++)
You have a pair of small horns on your head.
You have sharp toenails.
Your magical capacity is low. (-10% MP)


Message History

Things that are here:
a +0 dagger; a +0 robe; a human corpse You pick up the Tractate on Fetid Conflagration and begin reading...
You add the spells Mephitic Cloud, Kindle Blastsparks, Flame Wave and Olgreb's Toxic Radiance to your library.
Things that are here:
a +0 dagger; a +0 robe; a human corpse
There is a radiant altar of Vehumet here.
You kneel at the altar of Vehumet.
Vehumet welcomes you!
There is an open door here.
Things that are here:
a +0 dagger; a +0 robe; a kobold corpse You start resting.
Magic restored.
This spell is extremely dangerous to cast!
Memorise Mephitic Cloud, consuming 3 spell levels and leaving 8?
You start memorising the spell.
You continue memorising. x3
You finish memorising.
Spell assigned to 'e'.
Unknown command.
Okay, then.
You open the door.
A necrophage and a necromancer come into view.
Found 7 gold pieces.
Found three altars.
Unknown command.
Casting: Sandblast (safe; 1% risk of failure)
Confirm with . or Enter, or press ? or * to list all spells.
Aiming: Sandblast (safe; 1% risk of failure)
Press: ? - help, Shift-Dir - straight line, f - necrophage
Aim: a necrophage (dormant, 100% to hit)
The blast of sand hits the necrophage!
The necrophage is moderately damaged.
The necromancer shouts!
The necromancer points at you and mumbles some strange words.
Your body is wracked with pain!
The necromancer gestures at you while chanting.
The bolt of negative energy hits the necrophage.
The necrophage completely resists.
The bolt of negative energy hits you!!
You feel drained.
Ouch! That really hurt!
You die...

▓▓ ▓▓▓ .♣♣♣ ♣.# ###
...♣ ♣.# __# .♣♣♣
♣.# $p#
.~♣♣♣♣♣.###+#+###n##
~~..♣...#.......@..#
~~~♣♣.♣.'.⌠........#
≈≈~~~♣♣.#...######+#
≈~~~....#.⌠.#
~~~.....#...#
~.......#)###
........#.).#
........#___#
▓▓▓▓▓▓▓▓▓▓▓▓▓


You could see a necromancer and a necrophage (wandering).

Vanquished Creatures
  A water elemental (D)
  A wizard (D)
  Jessica (D)
  A human (D)
  A kobold demonologist (D)
  A wolf (D)
  2 endoplasms (D)
  A rat (D)
9 creatures vanquished.

Notes
Turn   | Place    | Note
-------+----------+-------------------------------------------
     0 | D        | mhtbhm the Spriggan Earth Elementalist began the quest for
                  | the Orb.
     0 | D        | Reached XP level 1. HP: 9/9 MP: 5/5
     4 | D        | Reached skill level 3 in Spellcasting
    44 | D        | Noticed Jessica
    45 | D        | Killed Jessica
    46 | D        | Reached skill level 4 in Spellcasting
    46 | D        | Reached XP level 2. HP: 13/13 MP: 4/8
    46 | D        | Reached XP level 3. HP: 16/16 MP: 5/10
    96 | D        | Learned a level 2 spell: Passwall
   100 | D        | Learned a level 3 spell: Stone Arrow
   133 | D        | Gained mutation: You are clumsy. (Dex -2) [potion of
                  | mutation]
   133 | D        | Gained mutation: You are very clumsy. (Dex -4) [potion of
                  | mutation]
   133 | D        | Gained mutation: Your mind is acute. (Int +4, Str/Dex -1)
                  | [potion of mutation]
   134 | D        | Lost mutation: Your mind is acute. (Int +4, Str/Dex -1)
                  | [potion of mutation]
   134 | D        | Lost mutation: You are very clumsy. (Dex -4) [potion of
                  | mutation]
   134 | D        | Lost mutation: You are clumsy. (Dex -2) [potion of
                  | mutation]
   134 | D        | Gained mutation: You are robust. (+10% HP) [potion of
                  | mutation]
   134 | D        | Gained mutation: You do not regenerate when monsters are
                  | visible. [potion of mutation]
   134 | D        | Gained mutation: You passively map a small area around you.
                  | [potion of mutation]
   135 | D        | Lost mutation: You passively map a small area around you.
                  | [potion of mutation]
   135 | D        | Lost mutation: You do not regenerate when monsters are
                  | visible. [potion of mutation]
   135 | D        | Lost mutation: You are robust. (+10% HP) [potion of
                  | mutation]
   135 | D        | Gained mutation: You are dopey. (Int -2) [potion of
                  | mutation]
   135 | D        | Gained mutation: You possess an exceptional clarity of
                  | mind. [potion of mutation]
   135 | D        | Gained mutation: Your muscles are strong. (Str +4, Int/Dex
                  | -1) [potion of mutation]
   135 | D        | Gained mutation: You have sharp toenails. [potion of
                  | mutation]
   136 | D        | Lost mutation: You are dopey. (Int -2) [potion of mutation]
   136 | D        | Lost mutation: You have sharp toenails. [potion of
                  | mutation]
   136 | D        | Gained mutation: Your body sometimes deteriorates upon
                  | taking damage. [potion of mutation]
   136 | D        | Gained mutation: You occasionally lose the ability to read
                  | scrolls when taking damage. [potion of mutation]
   137 | D        | Lost mutation: Your body sometimes deteriorates upon taking
                  | damage. [potion of mutation]
   137 | D        | Lost mutation: You possess an exceptional clarity of mind.
                  | [potion of mutation]
   137 | D        | Gained mutation: You occasionally lose the ability to drink
                  | potions when taking damage. [potion of mutation]
   137 | D        | Gained mutation: You have a pair of small horns on your
                  | head. [potion of mutation]
   137 | D        | Gained mutation: You have sharp toenails. [potion of
                  | mutation]
   138 | D        | Lost mutation: You occasionally lose the ability to drink
                  | potions when taking damage. [potion of mutation]
   138 | D        | Lost mutation: Your muscles are strong. (Str +4, Int/Dex
                  | -1) [potion of mutation]
   138 | D        | Lost mutation: You occasionally lose the ability to read
                  | scrolls when taking damage. [potion of mutation]
   138 | D        | Gained mutation: Your magical capacity is low. (-10% MP)
                  | [potion of mutation]
   143 | D        | Reached skill level 5 in Spellcasting
   143 | D        | Reached skill level 5 in Earth Magic
   279 | D        | Noticed a water elemental
   300 | D        | Killed a water elemental
   301 | D        | Reached skill level 7 in Spellcasting
   301 | D        | Reached XP level 4. HP: 11/21 MP: 7/13
   356 | D        | Learned a level 4 spell: Petrify
   365 | D        | Found a radiant altar of Vehumet.
   365 | D        | Found a shimmering blue altar of Sif Muna.
   365 | D        | Found an ancient bone altar of Kikubaaqudgha.
   365 | D        | Noticed a wizard
   366 | D        | Killed a wizard
   367 | D        | Reached skill level 8 in Spellcasting
   367 | D        | Reached XP level 5. HP: 24/24 MP: 13/15
   381 | D        | Got the Tractate on Fetid Conflagration
   385 | D        | Became a worshipper of Vehumet
   408 | D        | Learned a level 3 spell: Mephitic Cloud
   418 | D        | Found a basalt altar of Yredelemnul.
   418 | D        | Found a shadowy altar of Dithmenos.
   418 | D        | Found a sacrificial altar of Ru.
   419 | D        | Killed from afar by a necromancer

Illustrated notes

Levels and vault maps discovered:
D:        dungeon_sprint_mu [sprint_mu_entry_forest, sprint_mu_temple_rooms,
          sprint_mu_d1_spiders, sprint_mu_d2_genie, sprint_mu_d3_branching,
          sprint_mu_orc_legion, sprint_mu_elf_gauntlet, sprint_mu_hive_nellie,
          sprint_mu_lair_fedhas, sprint_mu_vaults_butterflies,
          sprint_mu_slime_circle, sprint_mu_swamp_cave, sprint_mu_snake_twists,
          sprint_mu_blade_basic, sprint_mu_crypt_fortress,
          sprint_mu_tomb_spiral, sprint_mu_vestibule_basic,
          sprint_mu_gehenna_hellfire, sprint_mu_dis_giant,
          sprint_mu_tartarus_statrot, sprint_mu_cocytus_islands, sprint_mu_zot1]

Skill      XL: |  1  2  3  4 |
---------------+-------------+-----
Spellcasting   | 4 7 8 |  8.5
Earth Magic    | 4 6 7 |  7.2
Dodging        | 3 4 |  4.8
Stealth        | 4 |  4.6
Transmutations | 2 |  2.2

Action                   |  1- 3 |  4- 6 || total
-------------------------+-------+-------++-------
 Cast: Sandblast         |    21 |     5 ||    26
       Passwall          |     1 |       ||     1
  Use: Potion            |     6 |       ||     6
Armor: Robe              |     1 |       ||     1
Dodge: Dodged            |     7 |     1 ||     8

Table legend: (Time is in decaauts)
 A = Elapsed time spent in this place.
 B = Non-inter-level travel time spent in this place.
 C = Inter-level travel time spent in this place.
 D = Time resting spent in this place.
 E = Time spent auto-exploring this place.
 F = Levels seen in this place.
 G = Mean time per level.
                   A        B        C        D        E       F      G
               +--------+--------+--------+--------+--------+-----+--------+
         Total |    369 |    369 |      0 |    195 |      0 |   1 |  369.0 |
       Dungeon |    369 |    369 |      0 |    195 |      0 |   1 |  369.0 |
               +--------+--------+--------+--------+--------+-----+--------+

Top non-repeatable levels by time:
       D: 369 daAuts
